 Dungeon Crawl Stone Soup version 0.20.0-10-g0535bb4 (webtiles) character file.

62 McKennaii the Skirmisher (level 3, -2/29 HPs)
             Began as a Demonspawn Fighter on June 5, 2017.
             Slain by Sigmund
             ... wielding a +2 scythe of protection
              (4 damage)
             ... on level 2 of the Dungeon.
             The game lasted 00:00:54 (1013 turns).

McKennaii the Skirmisher (Demonspawn Fighter)       Turns: 1013, Time: 00:00:54

Health: -2/29      AC:  6    Str: 16    XL:     3   Next: 85%
Magic:  3/3        EV:  7    Int:  9    God:
Gold:   95         SH:  9    Dex: 13    Spells: 2/2 levels left

rFire    . . .     SeeInvis .   a - +0 long sword
rCold    . . .     Gourm    .   c - +0 shield
rNeg     . . .     Faith    .   b - +0 scale mail
rPois    .         Spirit   .   (no helmet)
rElec    .         Reflect  .   (no cloak)
rCorr    .         Harm     .   (no gloves)
MR       .....                  (no boots)
Stlth    ..........             (no amulet)
Regen    0.1/turn               (no ring)
MPRegen  0.1/turn               (no ring)

@: no status effects
A: talons 1
a: no special abilities


You were on level 2 of the Dungeon.
You were hungry.

You visited 1 branch of the dungeon, and saw 2 of its levels.

You collected 95 gold pieces.

Inventory:

Hand Weapons
 a - a +0 long sword (weapon)
Armour
 b - a +0 scale mail (worn)
 c - a +0 shield (worn)
Scrolls
 g - 3 scrolls of teleportation {unknown}
 h - 2 scrolls of remove curse {unknown}
 i - a scroll of amnesia {unknown}
 j - a scroll of fear {unknown}
 k - 2 scrolls of recharging {unknown}
 m - a scroll of identify {unknown}
 o - a scroll of immolation {unknown}
Potions
 d - a potion of might
 e - a potion of flight {unknown}
 n - a potion of lignification {unknown}
Comestibles
 f - a bread ration
 l - a royal jelly


   Skills:
 + Level 3.5 Fighting
 + Level 2.1 Long Blades
 + Level 2.9 Armour
 + Level 1.0 Dodging
 + Level 3.3 Shields


You had 2 spell levels left.
You didn't know any spells.

Dungeon Overview and Level Annotations

Branches:
Dungeon (2/15)

Altars:

Annotations:
D:2 Sigmund


Innate Abilities, Weirdness & Mutations

You have sharp toenails.


Message History

You riposte.
You slash the giant cockroach!
You kill the giant cockroach!
Sigmund gestures wildly while chanting.
Sigmund flickers and vanishes!
Deactivating autopickup; reactivate with Ctrl-A.
You see here a giant cockroach corpse.
You hear some strange, mumbled words.
Something tries to affect you, but you resist.
You closely miss the hobgoblin. Your kick misses the hobgoblin.
Something hits you. The hobgoblin barely misses you.
You closely miss the hobgoblin. The hobgoblin hits you with a club.
Something hits you!
The hobgoblin hits you but does no damage.
You are too injured to fight recklessly!
You closely miss something. You claw something. Something hits you!
* * * LOW HITPOINT WARNING * * *
You block the hobgoblin's attack.
You closely miss something. Your kick misses something.
You block the hobgoblin's attack. Something hits you.
You die...

#.#.#.#### ####.#.#.#..#
...#.#.#.#..#
#.##.#.#.#..#
############.##.#)#.#..#
...........#.##.#.#....#
#>.............†.......
#......†....#..#.#.....
#....{@##.#.#....#...##
#....g.##.#.#....#.....
#......##.####...#....#
#......##.. ....#....#
#......#### ##.#.#.....
#......# #.#.##....
#......# ..... #.......
.....


You could see a hobgoblin.

Vanquished Creatures
  An ooze (D:2)
  A worm (D:2)
  A dart slug (D:1)
  A leopard gecko (D:1)
  2 bat zombies (D:1)
  2 giant cockroaches
  9 goblins
  12 hobgoblins
  4 kobolds
  7 bats
  A frilled lizard (D:1)
  2 rats (D:1)
43 creatures vanquished.

Notes
Turn   | Place    | Note
-------+----------+-------------------------------------------
     0 | D:1      | McKennaii the Demonspawn Fighter began the quest for the Orb.
     0 | D:1      | Reached XP level 1. HP: 18/18 MP: 1/1
   135 | D:1      | Gained mutation: You have sharp toenails. [demonic ancestry]
   135 | D:1      | Reached XP level 2. HP: 17/24 MP: 2/2
   700 | D:1      | Reached XP level 3. HP: 29/29 MP: 3/3
   797 | D:2      | Reached skill level 1 in Dodging
  1005 | D:2      | Noticed Sigmund
  1013 | D:2      | Slain by Sigmund

Skill      XL: |  1  2  3 |
---------------+----------+-----
Shields        | 3 |  3.3
Long Blades    | 2 |  2.1
Dodging        | 1 |  1.0
Fighting       | |  3.5
Armour         | |  2.9

Action                   || total
-------------------------++-------
Melee: Long sword        ||   122
       Kick              ||    20
Armor: Scale mail        ||    77
Dodge: Dodged            ||    44
Block: Shield            ||    78
       Rpst.: Long sword ||    16
